 Dungeon Sprint DCSS version 0.30-a0-50-gb2d611f6b1 (webtiles) character file.

Game seed: 17309120307812495040

158 rocky1 the Cleaver (level 5, -5/57 HPs)
             Began as an Ogre Gladiator on Sept 5, 2022.
             Was a Follower of Okawaru.
             Slain by a gnoll bouda
             ... wielding a +0 whip
              (10 damage)
             ... in the Dungeon (Sprint VII: "The Pits").
             The game lasted 00:01:40 (764 turns).

rocky1 the Cleaver (Ogre Gladiator)                  Turns: 764, Time: 00:01:40

Health: -5/57      AC:  3    Str: 20    XL:     5   Next: 39%
Magic:  5/7        EV: 10    Int:  9    God:    Okawaru [*.....]
Gold:   0          SH:  0    Dex: 10    Spells: 4/4 levels left

rFire   . . .      SeeInvis .    n - +0 hand axe (vorpal)
rCold   . . .      Faith    .    (no shield)
rNeg    . . .      Spirit   .    b - +0 robe
rPois   .          Reflect  .    c - +0 hat
rElec   .          Harm     .    (no cloak)
rCorr   .          Rampage  .    (gloves unavailable)
Will    .....      NoTele   +    (boots unavailable)
Stlth   +.........               (no amulet)
HPRegen 0.19/turn                (no ring)
MPRegen 0.10/turn                (no ring)

@: on berserk cooldown, slowed, very slow
A: large, unfitting armour, tough skin 1
a: Renounce Religion, Heroism


You were in the Dungeon.
You worshipped Okawaru.
Okawaru was aware of your devotion.
You visited 1 branch

Inventory:

Hand Weapons
 a - a +0 war axe
 n - a +0 vorpal hand axe (weapon)
Missiles
 d - 3 throwing nets (quivered)
 e - a large rock
Armour
 b - a +0 robe (worn)
 c - a +0 hat (worn)
Scrolls
 k - a scroll of blinking
 m - 5 scrolls of amnesia
Potions
 f - 6 potions of curing
 g - 5 potions of heal wounds
 h - a potion of haste
 i - 4 potions of magic
 j - 2 potions of berserk rage
 l - 2 potions of invisibility


   Skills:
 + Level 5.5 Fighting
 + Level 8.8 Axes
 - Level 2.0 Throwing
 + Level 4.3 Dodging
 + Level 3.7 Invocations


You had 4 spell levels left.
You didn't know any spells.
Your spell library was empty.

Dungeon Overview and Level Annotations

Branches:
Dungeon (1/1)

Altars:
Ashenzari
Cheibriados
Dithmenos
Elyvilon
Fedhas
Gozag
Hepliaklqana
Kikubaaqudgha
Makhleb
Nemelex Xobeh
Okawaru
Qazlal
Ru
Sif Muna
Trog
Uskayaw
Vehumet
Wu Jian
Xom
Yredelemnul
Zin
The Shining One
Jiyva
Lugonu


Innate Abilities, Weirdness & Mutations

You are too large for most types of armour.
You have tough skin. (AC +1)


Message History

The gnoll shouts!
A gnoll comes into view. It is wielding a +0 spear.
Unknown command.
A sky beast comes into view.
You see here a +0 flail.
The gnoll bouda gazes fiercely through you!
You feel your attacks grow feeble.
You hit the gnoll bouda but do no damage.
The gnoll bouda closely misses you.
The gnoll hits you from afar with a +0 spear.
You hit the gnoll bouda but do no damage.
The gnoll bouda barely misses you. The gnoll barely misses you.
The gnoll bouda hits you with a +0 whip.
You hit the gnoll bouda.
The gnoll bouda is lightly wounded.
The gnoll completely misses you.
The gnoll bouda hits you with a +0 whip.
You hit the gnoll bouda but do no damage.
The gnoll bouda is lightly wounded.
The gnoll hits you from afar with a +0 spear!
The gnoll bouda hits you with a +0 whip.
You hit the gnoll bouda but do no damage.
The gnoll bouda is lightly wounded.
Your attacks no longer feel as feeble.
The gnoll closely misses you.
The gnoll bouda hits you with a +0 whip!
* * * LOW HITPOINT WARNING * * *
The gnoll hits you from afar with a +0 spear.
* * * LOW HITPOINT WARNING * * *
The gnoll bouda hits you with a +0 whip.
* * * LOW HITPOINT WARNING * * *
You feel much better. The gnoll barely misses you.
The gnoll bouda hits you with a +0 whip!
* * * LOW HITPOINT WARNING * * *
You barely miss the gnoll bouda.
The gnoll bouda is lightly wounded.
The gnoll hits you from afar with a +0 spear!
* * * LOW HITPOINT WARNING * * *
The gnoll bouda hits you with a +0 whip!
You die...

#_______...#######
##########'##.....
#.?(.')))'.##.....
##########.##.....
#...........'.....
#'#####)#####.....
#.#...#)#[[##.....
#.#...#.#))#####'#
#@#.).'.#).##.....
#g##'####))##.....
#g#.....#..##.....
#g#.....#'###...<.
#Y#........##.....
#.#........##.....
#'###########.....
#......s# ######
#..#.#..#


You could see a sky beast, a gnoll bouda and 2 gnolls.

Vanquished Creatures
  A black bear (D)
  A quasit (D)
  2 gnolls (D)
  An adder zombie (D)
  An orc (D)
  3 jackals (D)
  A quokka (D)
  2 ball pythons (D)
  A goblin (D)
13 creatures vanquished.

Notes
Turn   | Place    | Note
-------+----------+-------------------------------------------
     0 | D        | rocky1 the Ogre Gladiator began the quest for the Orb.
     0 | D        | Reached XP level 1. HP: 22/22 MP: 1/1
    15 | D        | Reached skill level 4 in Axes
    22 | D        | Found a bloodstained altar of Trog.
    22 | D        | Found a shimmering blue altar of Sif Muna.
    22 | D        | Found a viscous altar of Jiyva.
    22 | D        | Found a hazy altar of Hepliaklqana.
    22 | D        | Found an opulent altar of Gozag.
    23 | D        | Found a glowing golden altar of the Shining One.
    23 | D        | Found a glowing silver altar of Zin.
    23 | D        | Found a basalt altar of Yredelemnul.
    23 | D        | Found a shimmering altar of Xom.
    23 | D        | Found an ornate altar of the Wu Jian Council.
    23 | D        | Found a sacrificial altar of Ru.
    23 | D        | Found a stormy altar of Qazlal.
    23 | D        | Found an iron altar of Okawaru.
    23 | D        | Found a sparkling altar of Nemelex Xobeh.
    23 | D        | Found a burning altar of Makhleb.
    23 | D        | Found a blossoming altar of Fedhas.
    23 | D        | Found a white marble altar of Elyvilon.
    23 | D        | Found a shadowy altar of Dithmenos.
    23 | D        | Found a snail-covered altar of Cheibriados.
    25 | D        | Found a radiant altar of Vehumet.
    25 | D        | Found a corrupted altar of Lugonu.
    26 | D        | Found a hide-covered altar of Uskayaw.
    26 | D        | Found an ancient bone altar of Kikubaaqudgha.
    26 | D        | Found a broken altar of Ashenzari.
    31 | D        | Became a worshipper of Warmaster Okawaru
   120 | D        | Reached skill level 5 in Axes
   120 | D        | Reached XP level 2. HP: 25/29 MP: 2/2
   270 | D        | Reached skill level 6 in Axes
   289 | D        | Reached XP level 3. HP: 10/36 MP: 3/3
   519 | D        | Reached skill level 8 in Axes
   733 | D        | Noticed a scorpion
   733 | D        | Noticed a black bear
   746 | D        | Killed a black bear
   746 | D        | Reached * piety under Okawaru
   747 | D        | Reached skill level 5 in Fighting
   747 | D        | Reached XP level 4. HP: 50/50 MP: 3/6
   747 | D        | Reached XP level 5. HP: 57/57 MP: 3/7
   753 | D        | Noticed a sky beast
   764 | D        | Slain by a gnoll bouda

Illustrated notes

Levels and vault maps discovered:
D:        pitsprint [storerooms_1, entrance_room_1, metal_vault_7, armoury_2,
          mini_pit_1, grid_room_1, main_hall_1, silver_pit, the_coven_1,
          the_vestibule_1, steel_vault_2, golden_pit, hallway_of_sentries,
          crystal_vault_3, iron_vault_4, final_vault]

Skill      XL: |  1  2  3 |
---------------+----------+-----
Axes           | 5 6 8 |  8.8
Fighting       | 5 |  5.5
Dodging        | 4 |  4.3
Invocations    | 3 |  3.7
Throwing       | |  2.0

Action                   |  1- 3 |  4- 6 || total
-------------------------+-------+-------++-------
Melee: War axe           |    37 |       ||    37
       Hand axe          |     3 |     7 ||    10
  Use: Potion            |     1 |     1 ||     2
Armor: Robe              |    22 |       ||    22
Dodge: Dodged            |    33 |     6 ||    39

Table legend: (Time is in decaauts)
 A = Elapsed time spent in this place.
 B = Non-inter-level travel time spent in this place.
 C = Inter-level travel time spent in this place.
 D = Time resting spent in this place.
 E = Time spent auto-exploring this place.
 F = Levels seen in this place.
 G = Mean time per level.
                   A        B        C        D        E       F      G
               +--------+--------+--------+--------+--------+-----+--------+
         Total |    773 |    753 |     20 |    546 |      0 |   1 |  773.0 |
       Dungeon |    773 |    753 |     20 |    546 |      0 |   1 |  773.0 |
               +--------+--------+--------+--------+--------+-----+--------+

Top non-repeatable levels by time:
       D: 773 daAuts
